Map: Ciężka Artyleria ER

Players

Anna

  • Race: Terran Terran
  • League: Platinum
  • Spawn Location: 7:00

Raivix

  • Race: Protoss Protoss
  • Spawn Location: 7:00

Esharell - Winner!

  • Race: Zerg Zerg
  • Spawn Location: 3:00

Legol - Winner!

  • Race: Protoss Protoss
  • League: Gold
  • Spawn Location: 1:00

VOD

Have the link to the VOD?

Description

Time

  • Played on: Jan. 3, 2020, 5:15 p.m.
  • Length: 10:55
Show
View Real Time Build Order
Export as new Build Order

Anna Terran 

Build Orders:  

Get SALT Encoding   

  12  0:03  SCV  
  13  0:17  Supply Depot  
  13  0:23  Refinery  
  13  0:41  Barracks  
  13  0:49  Barracks  
  13  0:59  Refinery  
  13  1:03  SCV  
  14  1:16  SCV  
  15  1:28  Reaper  
  16  1:37  Barracks  
  16  1:45  Reaper  
  17  1:50  SCV  
  18  2:04  Reaper  
  19  2:20  Supply Depot, Reaper  
  20  2:31  Reaper  
  20  2:36  Reaper  
  22  2:52  Reaper  
  22  2:56  SCV  
  24  3:03  Reaper  
  25  3:08  Reaper  
  26  3:24  Reaper  
  27  3:35  Reaper  
  27  3:41  Reaper  
  29  3:56  Reaper  
  29  4:08  Reaper  
  29  4:13  Reaper  
  23  4:48  Barracks Reactor  
  23  4:49  Barracks Tech Lab x2  
  23  5:02  Command Center  
  23  5:09  Supply Depot x2  
  23  5:12  Factory  
  23  5:13  Marauder  
  23  5:14  Marauder  
  28  5:22  Orbital Command  
  25  5:54  Marauder  
  25  5:55  Marauder  
  29  6:06  SCV  
  30  6:18  SCV, Marine  
  30  6:20  Concussive Shells  
  22  6:46  Marine x2  
  22  6:54  Marauder x2  
  22  7:04  Marine  
  22  7:06  Factory Tech Lab  
  23  7:15  Marauder  
  19  7:34  Siege Tank  
  22  7:38  SCV x2  
  24  8:06  Siege Tank  
  27  8:13  Marine  
  27  8:17  SCV  
  30  8:32  SCV  
  30  8:39  Siege Tank, Marauder, Marine  
  36  8:44  SCV  
  36  8:47  Starport  
  37  8:54  Orbital Command  
  37  8:56  SCV  
  38  9:08  SCV  
  38  9:20  SCV  
  39  9:27  Liberator  
  33  9:32  SCV  
  33  9:35  Siege Tank  
  28  9:44  SCV  
  32  9:49  SCV  
  33  9:56  SCV  
  34  10:01  SCV  
  35  10:09  SCV  
  35  10:13  SCV  
  40  10:21  SCV  
Show
View Real Time Build Order
Export as new Build Order

Raivix Protoss 

Build Orders:  

Get SALT Encoding   

  12  0:14  Pylon  
  12  0:21  Probe  
  13  0:33  Probe  
  14  0:35  Gateway  
  14  0:41  Assimilator  
  14  0:45  Probe  
  15  0:57  Probe  
  15  0:58  Assimilator  
  16  1:10  Probe  
  17  1:24  Cybernetics Core  
  17  1:30  Probe  
  18  1:42  Probe  
  18  1:44  Pylon  
  19  1:54  Probe  
  19  2:00  Gateway  
  20  2:06  Probe, Warp Gate (Chrono Boost)  
  20  2:07  Pylon  
  21  2:19  Probe  
  22  2:27  Stalker (Chrono Boost)  
  24  2:31  Probe  
  25  2:43  Probe  
  26  2:56  Gateway  
  26  2:57  Stalker  
  28  3:00  Gateway  
  28  3:27  Pylon  
  28  3:42  Stalker x2  
  32  3:52  Sentry  
  32  3:54  Pylon  
  34  3:56  Pylon  
  34  4:15  Stalker x4  
  34  4:59  Sentry x3  
  34  5:00  Sentry  
  36  5:20  Twilight Council  
  36  5:34  Nexus  
  36  6:10  Pylon  
  36  6:12  Pylon  
  36  6:29  Stalker x2  
  36  6:30  Stalker x2, Dark Shrine  
  38  6:56  Stalker x4  
  43  7:40  Pylon  
  43  7:43  Dark Templar x2  
  43  7:44  Dark Templar  
  45  8:01  Dark Templar  
  45  8:29  Dark Templar  
  47  8:36  Archon  
  47  8:54  Robotics Facility  
  47  9:04  Zealot x4  
  25  9:52  Dark Templar x3  
Show
View Real Time Build Order
Export as new Build Order

Esharell Zerg - Winner!

Build Orders: Hatch First 

Get SALT Encoding   

  12  0:01  Drone  
  13  0:12  Overlord  
  13  0:17  Drone  
  14  0:31  Drone x2  
  14  0:35  Drone  
  17  0:58  Hatchery  
  16  1:08  Spawning Pool  
  15  1:21  Drone x3  
  15  1:25  Extractor  
  17  1:33  Drone  
  18  1:44  Drone  
  19  1:55  Drone  
  19  1:56  Queen  
  22  2:04  Overlord  
  22  2:11  Queen  
  22  2:12  Zergling x2  
  25  2:27  Drone x3  
  28  2:30  Metabolic Boost  
  28  2:47  Queen  
  29  2:53  Zergling x4  
  29  2:54  Zergling x2  
  32  3:06  Overlord  
  32  3:20  Zergling x8  
  32  3:24  Queen  
  36  3:27  Spine Crawler  
  34  3:37  Zergling x2  
  34  3:38  Zergling x14  
  40  3:49  Zergling x4  
  41  3:59  Zergling x6  
  42  4:05  Zergling x4  
  39  4:14  Zergling x2  
  39  4:15  Zergling x2  
  38  4:21  Zergling x2  
  37  4:26  Spine Crawler  
  37  4:28  Zergling x2  
  33  4:31  Spine Crawler, Queen  
  33  4:38  Zergling x4  
  36  4:46  Zergling x4  
  36  4:47  Zergling x4  
  38  4:59  Hatchery  
  36  5:17  Drone x4  
  40  5:30  Drone x2  
  40  5:31  Drone x2  
  40  5:32  Overlord x2  
  38  5:51  Zergling x6  
  38  5:52  Zergling x4  
  43  5:59  Lair  
  43  6:08  Zergling x10  
  48  6:27  Zergling x12  
  47  6:42  Extractor  
  47  6:44  Zergling x2  
  47  6:45  Zergling x8  
  50  6:54  Zergling x10  
  54  7:05  Drone x3  
  57  7:09  Overseer  
  52  7:22  Zergling x2  
  52  7:23  Zergling x14  
  59  7:36  Baneling Nest  
  58  7:45  Drone x3  
  58  7:46  Drone  
  58  7:51  Drone x3  
  65  7:56  Overlord x5  
  65  8:17  Spire  
  65  8:18  Drone x3  
  67  8:25  Drone x6, Extractor  
  72  8:27  Extractor  
  71  8:38  Drone x3  
  71  8:39  Drone x3  
  77  8:43  Drone x3  
  77  8:44  Drone  
  81  8:56  Drone x3  
  81  8:57  Drone x3  
  81  8:58  Drone x3, Extractor  
  81  8:59  Drone x2  
  81  9:01  Extractor  
  90  9:06  Pneumatized Carapace  
  90  9:24  Hatchery  
  83  9:33  Mutalisk  
  83  9:34  Mutalisk x7  
  87  9:43  Mutalisk x2  
  87  9:54  Mutalisk x2  
  91  10:14  Mutalisk  
  91  10:15  Mutalisk x2  
  97  10:27  Zergling x2  
  97  10:28  Zergling x14  
Show
View Real Time Build Order
Export as new Build Order

Legol Protoss - Winner!

Build Orders:  

Get SALT Encoding   

  12  0:01  Probe  
  13  0:13  Probe  
  14  0:18  Pylon  
  14  0:25  Probe  
  15  0:37  Gateway  
  15  0:38  Probe (Chrono Boost)  
  16  0:49  Probe (Chrono Boost)  
  17  0:52  Assimilator  
  17  0:54  Probe (Chrono Boost)  
  18  1:05  Probe  
  18  1:10  Pylon  
  19  1:17  Probe  
  20  1:26  Cybernetics Core  
  20  1:54  Probe (Chrono Boost)  
  21  1:59  Nexus  
  21  2:02  Stalker (Chrono Boost)  
  21  2:04  Probe (Chrono Boost)  
  21  2:06  Warp Gate  
  24  2:17  Probe  
  25  2:24  Assimilator  
  25  2:29  Probe  
  26  2:36  Gateway  
  26  2:41  Probe  
  27  2:47  Stalker  
  29  2:53  Probe  
  30  3:08  Pylon  
  30  3:16  Probe x2  
  32  3:22  Stalker (Chrono Boost)  
  36  3:28  Stalker (Chrono Boost), Probe x2  
  38  3:38  Gateway  
  38  3:47  Shield Battery  
  38  3:58  Stalker  
  38  4:00  Stalker  
  42  4:21  Stalker  
  44  4:30  Probe  
  44  4:31  Probe, Robotics Facility  
  46  4:34  Pylon  
  46  4:42  Probe  
  46  4:43  Probe  
  46  4:51  Assimilator  
  46  4:55  Probe x2  
  46  4:56  Assimilator  
  46  4:57  Stalker x3  
  55  5:07  Probe  
  55  5:09  Probe (Chrono Boost)  
  55  5:10  Robotics Facility  
  56  5:17  Forge  
  56  5:20  Probe (Chrono Boost)  
  58  5:21  Probe (Chrono Boost), Immortal (Chrono Boost)  
  62  5:30  Pylon  
  62  5:32  Pylon  
  62  5:34  Pylon  
  62  5:35  Shield Battery  
  62  5:48  Probe x2  
  62  5:49  Robotics Bay  
  64  5:54  Stalker  
  64  5:55  Stalker x2  
  70  6:00  Probe x2  
  72  6:11  Protoss Ground Weapons Level 1 (Chrono Boost), Immortal  
  76  6:24  Pylon  
  74  6:25  Gateway  
  72  6:53  Stalker  
  72  6:54  Stalker x2  
  76  7:01  Extended Thermal Lance (Chrono Boost)  
  78  7:05  Colossus x2 (Chrono Boost)  
  90  7:17  Stalker x2  
  94  7:33  Gateway  
  94  7:38  Gateway  
  94  7:45  Gateway x2  
  94  8:01  Pylon  
  94  8:04  Pylon  
  94  8:10  Protoss Ground Armor Level 1  
  94  8:18  Pylon, Warp Prism (Chrono Boost)  
  96  8:20  Twilight Council  
  96  8:21  Pylon  
  96  8:25  Pylon  
  96  8:31  Stalker x3  
  96  8:32  Stalker x2  
  106  8:55  Observer (Chrono Boost)  
  107  9:01  Nexus  
  107  9:02  Pylon  
  107  9:05  Assimilator  
  107  9:07  Assimilator  
  107  9:11  Pylon  
  107  9:14  Stalker  
  107  9:15  Stalker x3  
  113  9:45  Stalker x4  
  117  9:46  Stalker x2  
  125  10:09  Stalker x2  
  125  10:10  Stalker x3  
  133  10:25  Photon Cannon  
  131  10:29  Photon Cannon  
  131  10:30  Photon Cannon  
Tags
 
Add a new tag
Caveats
  • Supply blocks, unpowered buildings, or Contaminate may cause inaccurate times.
  • Supply counts are checked every 10 seconds.